 Dungeon Crawl Stone Soup version 0.28-a0-909-g796cbd3 (webtiles) character file.

Game seed: 13681995815728692136

235938 Cunctator the Martial Artist (level 19, -10/157 HPs)
             Began as a Gnoll Transmuter on Nov 22, 2021.
             Was the Champion of Ashenzari.
             Mangled by a minotaur (18 damage)
             ... in a Gauntlet on Nov 24, 2021.
             The game lasted 06:01:14 (48242 turns).

Cunctator the Martial Artist (Gnoll Transmuter)    Turns: 48242, Time: 06:01:15

Health: -10/157    AC: 17    Str: 10    XL:     19   Next: 19%
Magic:  27/39      EV: 29    Int: 26    God:    Ashenzari [******]
Gold:   3740       SH:  5    Dex: 13    Spells: 7/51 levels left

rFire   . . .      SeeInvis +     - Unarmed
rCold   . . .      Faith    .   (shield currently unavailable)
rNeg    . . .      Spirit   .   (armour currently unavailable)
rPois   ∞          Reflect  +   (helmet currently unavailable)
rElec   +          Harm     .   (cloak currently unavailable)
rCorr   +          Rampage  .   (gloves currently unavailable)
Will    +....      Clarity  +   (boots currently unavailable)
Stlth   ++++++.... NoTele   +   y - amulet of Ashenzari's Omission {Reflect SH+5, Bglg, Alch} (curse)
HPRegen 0.36/turn               n - ring of Ouranomancy {rCorr, Bglg, Alch} (curse)
MPRegen 0.26/turn               e - ring of Ashenzari's Stars {Int+6, Cun, Self} (curse)

@: storm-form, flying
A: cleaving, flying, (fangs 1), strong nose, distributed training
}: 2/15 runes: barnacled, gossamer
a: Blinkbolt, End Transformation, Renounce Religion, Shatter the Chains


You were in a Gauntlet.
You worshipped Ashenzari.
Ashenzari was exalted by your worship.
You were a lightning-filled tempest!
You visited 6 branches of the dungeon, and saw 32 of its levels.
You also visited: Bailey and Gauntlet.

You collected 4072 gold pieces.
You spent 332 gold pieces at shops.

Inventory:

Hand Weapons
 i - the cursed +2 dagger of Ashenzari's Seer (melded) {flame, Self, Evo}
   (You took it off a kobold on level 1 of the Dungeon)

   It burns those it strikes, dealing additional fire damage.
   It has a curse which improves the following skills: Introspection: Fighting
   and Spellcasting.
   Evocations: Evocations.
Missiles
 b - 871 arrows
 d - 44 poisoned darts
 h - 671 stones
 v - 21 boomerangs (quivered)
 D - 8 throwing nets
 O - 12 curare-tipped darts
 P - 4 datura-tipped darts
Armour
 c - the +0 helmet of Ogubopev {Dex+4}
   (You found it in a Gauntlet)

   Dex:       It affects your dexterity (+4).
 k - the cursed +0 cloak "Share My Apathy" (melded) {Bglg, Fort}
   (You found it on level 1 of the Dungeon)

   It has a curse which improves the following skills: Beguiling: Conjurations,
   Hexes and Translocations.
   Fortitude: Armour and Shields.
 r - the cursed +3 leather armour "Oracular Sybil" (melded) {rN+, Elem, Comp}
   (You took it off a merfolk impaler on level 2 of the Shoals)

   It has a curse which improves the following skills: Elements: Fire Magic, Ice
   Magic, Air Magic and Earth Magic.
   Companions: Summonings and Necromancy.
 w - the +3 pair of gloves "Vorphank" {Fly Will+ Dex+3}
   (You found it in a Gauntlet)

   Dex:       It affects your dexterity (+3).
   Fly:       It grants you flight.
   Will:      It increases your willpower.
 z - the cursed +0 pair of gloves of Ashenzari's Stars (melded) {Comp, Cun}
   (You found it on level 14 of the Dungeon)

   It has a curse which improves the following skills: Companions: Summonings
   and Necromancy.
   Cunning:   Dodging and Stealth.
 M - the cursed +1 pair of boots "I Knew You'd Do That" (melded) {Stlth+, Range, Cun}
   (You bought it in a shop on level 11 of the Dungeon)

   It has a curse which improves the following skills: Ranged Combat: Slings,
   Bows, Crossbows and Throwing.
   Cunning:   Dodging and Stealth.
 W - the cursed +0 buckler "Chained Soothsayer" (melded) {Int+6 Slay+3, Melee, Evo}
   (You found it on level 9 of the Dungeon)

   Int:       It affects your intelligence (+6).
   Slay:      It affects your accuracy & damage with ranged weapons and melee
   (+3).
   It has a curse which improves the following skills: Melee Combat: Short
   Blades, Long Blades, Axes, Maces & Flails, Polearms, Staves and Unarmed
   Combat.
   Evocations: Evocations.
 Z - the cursed +1 helmet "Bound Atheism" (melded) {Int+3, Melee, Alch}
   (You found it on level 1 of the Lair of Beasts)

   It has a curse which improves the following skills: Melee Combat: Short
   Blades, Long Blades, Axes, Maces & Flails, Polearms, Staves and Unarmed
   Combat.
   Alchemy:   Poison Magic and Transmutations.
Magical Staves
 S - a staff of earth
Jewellery
 e - the cursed ring of Ashenzari's Stars (right hand) {Int+6, Cun, Self}
   (You found it on level 4 of the Dungeon)

   [ring of intelligence]

   Int:       It affects your intelligence (+6).
   It has a curse which improves the following skills: Cunning: Dodging and
   Stealth.
   Introspection: Fighting and Spellcasting.
 n - the cursed ring of Ouranomancy (left hand) {rCorr, Bglg, Alch}
   (You found it on level 2 of the Dungeon)

   [ring of resist corrosion]

   rCorr:     It protects you from acid and corrosion.
   It has a curse which improves the following skills: Beguiling: Conjurations,
   Hexes and Translocations.
   Alchemy:   Poison Magic and Transmutations.
 o - a ring of wizardry
 y - the cursed amulet of Ashenzari's Omission (around neck) {Reflect SH+5, Bglg, Alch}
   (You found it on level 2 of the Spider Nest)

   [amulet of reflection]

   It reflects blocked missile attacks.
   SH:        It affects your SH (+5).
   It has a curse which improves the following skills: Beguiling: Conjurations,
   Hexes and Translocations.
   Alchemy:   Poison Magic and Transmutations.
 B - a +4 ring of protection
 Y - a ring of protection from cold
Wands
 q - a wand of flame (51)
 t - a wand of charming (3)
 A - a wand of mindburst (17)
 C - a wand of polymorph (23)
 G - a wand of paralysis (15)
 K - a wand of iceblast (60)
Scrolls
 f - 3 scrolls of magic mapping
 g - 6 scrolls of fog
 j - 4 scrolls of acquirement
 p - a scroll of holy word
 x - 4 scrolls of amnesia
 F - 4 scrolls of teleportation
 H - a scroll of fear
 J - 2 scrolls of enchant armour
 N - 2 scrolls of silence
Potions
 a - 3 potions of invisibility
 l - 3 potions of heal wounds
 m - 5 potions of might
 s - a potion of curing
 u - 9 potions of brilliance
 E - 2 potions of cancellation
 I - 4 potions of resistance
 Q - 4 potions of ambrosia
 T - 4 potions of berserk rage
 V - 2 potions of magic
 X - 7 potions of haste
Miscellaneous
 L - a piece from Xom's chessboard (15/15)
 R - a phial of floods
 U - a tin of tremorstones (2/2)


   Skills:
 + Level 13.1(16.2) Fighting
 + Level 12.9 Short Blades
 + Level 12.9 Long Blades
 + Level 12.9 Axes
 + Level 12.9 Maces & Flails
 + Level 12.9 Polearms
 + Level 12.9 Staves
 + Level 12.9 Slings
 + Level 12.9 Bows
 + Level 12.9 Crossbows
 + Level 12.9 Throwing
 + Level 12.9 Armour
 + Level 13.6(16.6) Dodging
 + Level 12.9(15.9) Stealth
 + Level 12.9 Shields
 + Level 14.3 Unarmed Combat
 + Level 13.8(16.8) Spellcasting
 + Level 10.9(15.6) Conjurations
 + Level 10.9(15.6) Hexes
 + Level 10.9 Summonings
 + Level 10.9 Necromancy
 + Level 10.9(15.6) Translocations
 + Level 11.6(16.3) Transmutations
 + Level 10.9 Fire Magic
 + Level 10.9 Ice Magic
 + Level 10.9 Air Magic
 + Level 10.9 Earth Magic
 + Level 10.9(15.6) Poison Magic
 + Level 14.0 Invocations
 + Level 12.9 Evocations


You had 7 spell levels left.
You knew the following spells:

 Your Spells              Type           Power      Damage    Failure   Level
a - Beastly Appendage     Tmut           100%       N/A       0%          1
b - Spider Form           Tmut/Pois      81%        N/A       0%          3
c - Ice Form              Ice/Tmut       75%        N/A       1%          4
d - Ozocubu's Armour      Ice            68%        N/A       1%          3
e - Blink                 Tloc           100%       N/A       0%          2
f - Alistair's Intoxicat  Tmut/Pois      54%        N/A       1%          5
g - Wereblood             Tmut           82%        N/A       0%          2
h - Statue Form           Tmut/Erth      50%        N/A       1%          6
i - Manifold Assault      Tloc           80%        N/A       1%          5
j - Storm Form            Tmut/Air       37%        N/A       7%          7
k - Summon Cactus Giant   Summ           34%        N/A       3%          6

Your spell library contained the following spells:

 Spells                   Type           Power      Damage    Failure   Level
 Apportation              Tloc           100%       N/A       0%          1
 Magic Dart               Conj           100%       1d8       0%          1
 Slow                     Hex            100%       N/A       0%          1
 Static Discharge         Conj/Air       74%        N/A       0%          2
 Confusing Touch          Hex            80%        N/A       0%          3
 Gell's Gravitas          Tloc           80%        N/A       0%          3
 Lesser Beckoning         Tloc           80%        N/A       0%          3
 Portal Projectile        Hex/Tloc       100%       N/A       0%          3
 Teleport Other           Tloc           80%        N/A       0%          3
 Pain                     Necr           100%       1d9       1%          1
 Summon Small Mammal      Summ           100%       N/A       1%          1
 Call Imp                 Summ           68%        N/A       1%          2
 Corpse Rot               Necr/Air       100%       N/A       1%          2
 Call Canine Familiar     Summ           68%        N/A       1%          3
 Frozen Ramparts          Ice            100%       1d12      1%          3
 Ignite Poison            Fire/Tmut/Pois 77%        N/A       1%          3
 Mephitic Cloud           Conj/Pois/Air  76%        N/A       1%          3
 Summon Guardian Golem    Hex/Summ       74%        N/A       1%          3
 Vampiric Draining        Necr           68%        2d10      1%          3
 Dispel Undead            Necr           68%        3d23      1%          4
 Sticky Flame             Conj/Fire      74%        2d9       1%          4
 Summon Ice Beast         Ice/Summ       68%        N/A       1%          4
 Agony                    Necr           68%        N/A       1%          5
 Blade Hands              Tmut           41%        N/A       1%          5
 Excruciating Wounds      Necr           34%        N/A       1%          5
 Summon Forest            Summ/Tloc      37%        N/A       1%          5
 Summon Mana Viper        Hex/Summ       74%        N/A       1%          5
 Death Channel            Necr           34%        N/A       3%          6
 Monstrous Menagerie      Summ           34%        N/A       22%         7
 Ozocubu's Refrigeration  Ice            34%        4d11      22%         7


Dungeon Overview and Level Annotations

Branches:
Dungeon (15/15)            Temple (1/1) D:5            Lair (6/6) D:8
 Shoals (4/4) Lair:4       Spider (4/4) Lair:4        Slime (0/5) Lair:6
    Orc (2/2) D:11            Elf (0/3) Orc:2        Vaults (0/5) D:14
 Depths (0/4) D:15         Bailey (visited)         Gauntlet (1/1)

Altars:
Ashenzari
Cheibriados
Dithmenos
Elyvilon
Fedhas
Gozag
Hepliaklqana
Kikubaaqudgha
Makhleb
Nemelex Xobeh
Okawaru
Qazlal
Ru
Sif Muna
Trog
Uskayaw
Vehumet
Yredelemnul

Shops:
D:3 ?   D:11 [   D:15 :   Orc:1 :   Orc:2 *(=(   Shoals:1 *   Shoals:3 !

Annotations:
D:2 exclusion: downstairs
Lair:2 2 transporters, Yhus's ghost, journeyman DrTm
Lair:6 exclusion: obsidian statue
Shoals:1 3 runed translucent doors, busb's ghost, adept OgWn Gauntlet 6 transporters


Innate Abilities, Weirdness & Mutations

You are a lightning-filled tempest!
Your stormy fists strike out in all directions at once.
You are incredibly evasive.
You are flying.
You are immune to poison.
Your armour is entirely melded.
You are incapable of wielding weapons or throwing items.
((You have very sharp teeth.))
Your uncanny sense of smell can sniff out nearby items.
Your experience applies equally to all skills.


Message History

Casting: Manifold Assault (safe; 1% risk of failure)
Confirm with . or Enter, or press ? or * to list all spells.
Space momentarily warps into an impossible shape!
You hit the minotaur zombie but do no damage.
Casting: Manifold Assault (safe; 1% risk of failure)
Confirm with . or Enter, or press ? or * to list all spells.
Space momentarily warps into an impossible shape!
You blast the minotaur zombie!!!
You buffet the minotaur zombie!
The minotaur zombie is heavily damaged.
The minotaur zombie misses you. The minotaur zombie closely misses you.
You blast the minotaur zombie!!!
You punch the minotaur zombie.
You destroy the minotaur zombie!
Your primal bloodlust is almost over.
There is an open door here.
You bellow as the wereblood boils in your veins!
The minotaur throws a silver javelin.
The silver javelin completely misses you.
The minotaur goes berserk!
The minotaur completely misses you. x2
There is a gate leading back out of this place here.
Items here: ( ) / [[[[ | }.
You blast the minotaur!!!
The minotaur is moderately wounded.
The minotaur closely misses you. The minotaur completely misses you.
The minotaur hits you with the +11 flail "Doybifi" {vorpal, *Rage Str+3 Int+5}.
The minotaur gores you.
You hit the minotaur.
You punch the minotaur, but do no damage.
The minotaur is moderately wounded.
The minotaur completely misses you. The minotaur barely misses you.
Your primal bloodlust has ended.
The minotaur hits you with the +11 flail "Doybifi" {vorpal, *Rage Str+3 Int+5}!!
The minotaur misses you.
There is an open door here.
The minotaur hits you with the +11 flail "Doybifi" {vorpal, *Rage Str+3 Int+5}!!!
The minotaur misses you.
The minotaur rages.
The minotaur hits you with the +11 flail "Doybifi" {vorpal, *Rage Str+3 Int+5}!!!
* * * LOW HITPOINT WARNING * * *
You die...

##§......§...................###
####≈#≈#≈#§########≈#§#≈#≈#≈####
############.©..©.##############
############......##############
#...............*
#...............
####.###.###.###*
###.###.###.### #.....Hv......#
#.###.###.###.# #.............#
#######'####### ######.####
####.∩..### ####...⌠+!#
#.'⌠...### ###..⌠.###


You could see a minotaur (berserk).

Vanquished Creatures
  Asterion (Spider:3)
  Polyphemus (Shoals:2)
  A kraken (Shoals:2)
  Kirke (Spider:3)
  2 sphinxes (Shoals:4)
  Donald (Shoals:2)
  5 emperor scorpions
  An orc warlord (Orc:1)
  Aizul (Spider:2)
  5 ghost moths
  2 entropy weavers
  6 dire elephants (Lair:6)
  2 spark wasps
  2 minotaurs (Shoals:4)
  A merfolk javelineer (Shoals:4)
  Josephine (D:15)
  Snorg (D:12)
  7 merfolk impalers
  11 hydras
  2 boulder beetles
  An ogre mage (D:14)
  5 merfolk avatars
  2 catoblepae
  3 alligator snapping turtles
  7 satyrs
  4 centaur warriors
  A death knight (D:11)
  7 two-headed ogres
  Urug (Lair:4)
  3 death yaks (Shoals:2)
  An orc high priest (Orc:2)
  A spectral death yak (Lair:6)
  A spectral anaconda (Lair:6)
  13 sea snakes
  A death drake (shapeshifter) (D:13)
  5 skeletal warriors (D:15)
  A sea snake (shapeshifter) (D:15)
  2 deep trolls (D:15)
  A wizard (Gauntlet)
  15 harpies
  2 deep elf pyromancers
  5 necromancers
  3 orc knights
  41 wolf spiders
  11 fauns
  13 ugly things
  25 orb spiders
  5 orc sorcerers
  2 oklob plants (Lair:6)
  4 cyclopes
  17 manticores
  A worldbinder (Gauntlet)
  29 elephants
  3 moths of wrath
  5 black mambas
  5 merfolk sirens
  A torpor snail (Lair:6)
  The ghost of mbeke the Skirmisher, a novice DsAK of Lugonu (D:5)
  5 water nymphs
  2 gargoyles (D:13)
  A minotaur zombie (Gauntlet)
  3 centaur zombies
  11 cane toads
  3 yaktaurs (D:14)
  A tengu conjurer (D:15)
  10 komodo dragons
  An unseen horror (D:8)
  An efreet (D:13)
  5 freezing wraiths
  A rime drake (Lair:6)
  21 demonic crawlers
  8 trolls
  42 jumping spiders
  24 merfolk
  2 polar bears
  22 blink frogs
  7 wind drakes
  3 hornets
  14 slime creatures
  3 dream sheep (Shoals:1)
  A raiju (Gauntlet)
  A spectral elephant (Lair:6)
  6 snapping turtles
  2 vampires (D:13)
  87 redbacks
  A spriggan (Lair:3)
  37 tarantellas
  A shadow (D:7)
  8 wraiths
  A tarantella (shapeshifter) (D:14)
  5 wyverns
  5 hogs
  25 yaks
  3 water elementals
  Grum (Lair:1)
  6 basilisks
  A death yak simulacrum (Lair:6)
  5 vampire mosquitoes
  2 acid dragons
  2 wargs (Orc:1)
  20 water moccasins
  A nameless horror (D:13)
  2 ice beasts
  9 black bears
  A hornet zombie (D:6)
  30 orc warriors
  An elephant zombie (Lair:6)
  A sky beast (D:5)
  8 ogres
  3 boggarts
  18 centaurs
  15 wolves
  An elephant skeleton (Lair:6)
  5 kobold brigands
  Blork the orc (D:6)
  16 bullfrogs
  A gnoll sergeant (D:8)
  5 scorpions (Lair:4)
  2 jellies
  A water moccasin skeleton (D:4)
  An elephant simulacrum (Lair:6)
  2 electric eels
  5 howler monkeys
  A bullfrog zombie (D:5)
  16 orc priests
  A gnoll shaman (D:5)
  3 hounds
  A bullfrog skeleton (D:6)
  Jessica (D:2)
  5 iguanas
  29 orc wizards
  4 hell rats (Lair:4)
  2 lightning spires (Gauntlet)
  5 adders
  A howler monkey skeleton (D:7)
  13 gnolls
  2 shadow imps
  2 white imps
  An ufetubus (D:6)
  4 worms
  49 orcs
  6 ball pythons
  4 bats
  6 endoplasms
  3 giant cockroaches
  16 goblins
  6 hobgoblins
  4 jackals (D:1)
  A quokka (D:3)
  4 frilled lizards
  28 kobolds
  9 rats
  A bush (Lair:6)
  A butterfly (Lair:6)
  2 tentacles (Shoals:2)
1072 creatures vanquished.

Vanquished Creatures (collateral kills)
  6 vampire mosquitoes (D:13)
6 creatures vanquished.

Vanquished Creatures (others)
  A ghost moth (Spider:4)
  A demonic crawler (Spider:2)
  An orc warrior (Bailey)
  14 demonic plants (Gauntlet)
  25 fungi
  81 plants
  6 tentacles (Shoals:2)
  18 withered plants (Lair:6)
147 creatures vanquished.

Grand Total: 1225 creatures vanquished

Notes
Turn   | Place    | Note
-------+----------+-------------------------------------------
     0 | D:1      | Cunctator the Gnoll Transmuter began the quest for the Orb.
     0 | D:1      | Reached XP level 1. HP: 17/17 MP: 6/6
    85 | D:2      | Noticed Jessica
   286 | D:1      | Reached XP level 2. HP: 23/23 MP: 5/7
   542 | D:1      | Reached XP level 3. HP: 16/28 MP: 7/9
   767 | D:1      | Reached skill level 5 in Spellcasting
   783 | D:1      | Found a faded altar of an unknown god.
  1002 | D:1      | Reached skill level 1 in Invocations
  1289 | D:1      | Reached skill level 1 in Short Blades
  1289 | D:1      | Reached skill level 1 in Long Blades
  1289 | D:1      | Reached skill level 1 in Axes
  1289 | D:1      | Reached skill level 1 in Maces & Flails
  1289 | D:1      | Reached skill level 1 in Polearms
  1289 | D:1      | Reached skill level 1 in Staves
  1289 | D:1      | Reached skill level 1 in Slings
  1289 | D:1      | Reached skill level 1 in Bows
  1289 | D:1      | Reached skill level 1 in Crossbows
  1289 | D:1      | Reached skill level 1 in Throwing
  1289 | D:1      | Reached skill level 1 in Armour
  1289 | D:1      | Reached skill level 1 in Stealth
  1289 | D:1      | Reached skill level 1 in Shields
  1289 | D:1      | Reached skill level 1 in Evocations
  1439 | D:2      | Killed Jessica
  1440 | D:2      | Reached XP level 4. HP: 34/34 MP: 9/11
  1683 | D:1      | Learned a level 3 spell: Spider Form
  1728 | D:1      | Reached skill level 1 in Conjurations
  1728 | D:1      | Reached skill level 1 in Hexes
  1728 | D:1      | Reached skill level 1 in Summonings
  1728 | D:1      | Reached skill level 1 in Necromancy
  1728 | D:1      | Reached skill level 1 in Translocations
  1728 | D:1      | Reached skill level 1 in Fire Magic
  1728 | D:1      | Reached skill level 1 in Ice Magic
  1728 | D:1      | Reached skill level 1 in Air Magic
  1728 | D:1      | Reached skill level 1 in Earth Magic
  1728 | D:1      | Reached skill level 1 in Poison Magic
  1943 | D:2      | Reached XP level 5. HP: 33/40 MP: 12/12
  2307 | D:3      | Noticed an ice beast
  3134 | D:3      | Reached XP level 6. HP: 31/47 MP: 13/13
  3246 | D:3      | Found Isoucw's Magic Scroll Shoppe.
  4367 | D:3      | Killed an ice beast
  4368 | D:3      | Reached skill level 5 in Dodging
  4456 | D:4      | Noticed an orc warrior
  4468 | D:4      | Killed an orc warrior
  4469 | D:4      | Reached XP level 7. HP: 48/52 MP: 8/15
  4853 | D:4      | Identified the +0 robe "Vuwafat" {Contam rElec Will+ rCorr}
  5783 | D:5      | Entered Level 5 of the Dungeon
  5948 | D:5      | Found a staircase to the Ecumenical Temple.
  5992 | Temple   | Entered the Ecumenical Temple
  6001 | Temple   | Became a worshipper of Ashenzari the Shackled
  6087 | D:5      | Reached XP level 8. HP: 45/60 MP: 12/16
  6584 | D:5      | Found a large runed translucent door.
  6584 | D:5      | Found a large runed translucent door.
  6586 | D:5      | Noticed mbeke's ghost (novice DsAK)
  7365 | D:5      | Killed mbeke's ghost
  7366 | D:5      | Reached skill level 5 in Transmutations
  7366 | D:5      | Reached XP level 9. HP: 52/68 MP: 19/19
  7371 | D:5      | Learned a level 4 spell: Ice Form
  7603 | D:6      | Identified the cursed +2 dagger of Ashenzari's Seer {flame,
                  | Self, Evo} (You took it off a kobold on level 1 of the
                  | Dungeon)
  7670 | D:6      | Noticed Blork the orc
  7684 | D:6      | Killed Blork the orc
  8034 | D:6      | Reached skill level 5 in Fighting
  8719 | D:6      | Learned a level 3 spell: Ozocubu's Armour
  9040 | D:7      | Reached * piety under Ashenzari
  9114 | D:7      | Identified the cursed +0 buckler "the Doldrums of the Sky"
                  | {Alch, Melee} (You took it off a kobold on level 3 of the
                  | Dungeon)
  9139 | D:7      | Reached skill level 5 in Invocations
 10043 | D:7      | Noticed a troll
 10054 | D:7      | Killed a troll
 10055 | D:7      | Reached XP level 10. HP: 50/74 MP: 13/20
 10717 | D:8      | Reached skill level 5 in Short Blades
 10717 | D:8      | Reached skill level 5 in Long Blades
 10717 | D:8      | Reached skill level 5 in Axes
 10717 | D:8      | Reached skill level 5 in Maces & Flails
 10717 | D:8      | Reached skill level 5 in Polearms
 10717 | D:8      | Reached skill level 5 in Staves
 10717 | D:8      | Reached skill level 5 in Slings
 10717 | D:8      | Reached skill level 5 in Bows
 10717 | D:8      | Reached skill level 5 in Crossbows
 10717 | D:8      | Reached skill level 5 in Throwing
 10717 | D:8      | Reached skill level 5 in Armour
 10717 | D:8      | Reached skill level 5 in Stealth
 10717 | D:8      | Reached skill level 5 in Shields
 10717 | D:8      | Reached skill level 5 in Evocations
 11188 | D:8      | Reached ** piety under Ashenzari
 11258 | D:8      | Noticed a brown ugly thing
 11275 | D:8      | Killed a brown ugly thing
 11331 | D:8      | Identified the cursed +0 leather armour "Anxiety of
                  | Ashenzari" {Elem, Bglg} (You took it off an orc priest on
                  | level 3 of the Dungeon)
 11618 | D:8      | Noticed a manticore
 11626 | D:8      | Killed a manticore
 11707 | D:8      | Noticed a green ugly thing
 11719 | D:8      | Killed a green ugly thing
 11727 | D:8      | Noticed a centaur warrior
 11735 | D:8      | Killed a centaur warrior
 11743 | D:8      | Noticed a boulder beetle
 11875 | D:8      | Noticed an unseen horror
 11895 | D:8      | Killed an unseen horror
 11896 | D:8      | Reached XP level 11. HP: 83/83 MP: 17/22
 12024 | D:8      | Killed a boulder beetle
 12391 | D:8      | Found a staircase to the Lair.
 12412 | D:8      | Reached skill level 5 in Conjurations
 12412 | D:8      | Reached skill level 5 in Hexes
 12412 | D:8      | Reached skill level 5 in Summonings
 12412 | D:8      | Reached skill level 5 in Necromancy
 12412 | D:8      | Reached skill level 5 in Translocations
 12412 | D:8      | Reached skill level 5 in Fire Magic
 12412 | D:8      | Reached skill level 5 in Ice Magic
 12412 | D:8      | Reached skill level 5 in Air Magic
 12412 | D:8      | Reached skill level 5 in Earth Magic
 12412 | D:8      | Reached skill level 5 in Poison Magic
 12924 | D:9      | Found an ancient bone altar of Kikubaaqudgha.
 12925 | D:9      | Noticed a two-headed ogre
 13014 | D:9      | Noticed a six-headed hydra
 13031 | D:9      | Killed a six-headed hydra
 13056 | D:9      | Noticed a two-headed ogre
 13286 | D:9      | Killed a two-headed ogre
 13292 | D:9      | Killed a two-headed ogre
 13322 | D:9      | Identified the +0 buckler "Houck" {Int+6 Slay+3}
 13383 | D:10     | Entered Level 10 of the Dungeon
 13423 | D:10     | Noticed a manticore
 13428 | D:10     | Noticed a two-headed ogre
 13607 | D:10     | Identified the cursed +0 pair of boots of the Gnostic
                  | Failure {Cun, Bglg} (You found it on level 7 of the
                  | Dungeon)
 14606 | D:10     | Noticed a manticore
 14606 | D:10     | Identified the Volume of Mutagenic Venom
 14724 | D:11     | Noticed a two-headed ogre
 14729 | D:11     | Learned a level 2 spell: Blink
 14731 | D:11     | Noticed a two-headed ogre
 14733 | D:11     | Killed a two-headed ogre
 15106 | D:11     | Upgraded the game from 0.28-a0-899-gf2b78a1 to
                  | 0.28-a0-906-g0406aca
 15214 | D:11     | Found a staircase to the Orcish Mines.
 15238 | D:11     | Found Qoarar's Armour Shop.
 15665 | D:11     | Reached XP level 12. HP: 83/91 MP: 18/24
 15855 | D:11     | Noticed a death knight
 16177 | D:10     | Learned a level 5 spell: Alistair's Intoxication
 16194 | D:11     | Killed a death knight
 16807 | D:11     | Killed a two-headed ogre
 17159 | D:11     | Bought a +1 pair of boots of stealth for 247 gold pieces
 17280 | Lair:1   | Entered Level 1 of the Lair of Beasts
 17432 | Lair:1   | Learned a level 2 spell: Wereblood
 17520 | Lair:1   | Noticed Grum
 17553 | Lair:1   | Killed Grum
 17790 | Lair:1   | Noticed a six-headed hydra
 17806 | Lair:1   | Killed a six-headed hydra
 17984 | Lair:1   | Noticed a five-headed hydra
 17998 | Lair:1   | Killed a five-headed hydra
 18443 | Lair:1   | Reached skill level 10 in Unarmed Combat
 18533 | Lair:1   | Reached *** piety under Ashenzari
 18807 | Lair:2   | Identified the cursed +1 helmet "Bound Atheism" {Int+3,
                  | Melee, Alch} (You found it on level 1 of the Lair of
                  | Beasts)
 19224 | Lair:2   | Noticed Yhus's ghost (journeyman DrTm)
 19226 | Lair:2   | Found a bloodstained altar of Trog.
 19233 | Lair:2   | Found a transporter.
 19270 | Lair:2   | Found a transporter.
 20347 | Lair:3   | Reached **** piety under Ashenzari
 20390 | Lair:3   | Reached XP level 13. HP: 89/104 MP: 21/28
 20639 | Lair:3   | Learned a level 6 spell: Statue Form
 20966 | Lair:3   | Learned a level 5 spell: Manifold Assault
 22231 | Lair:3   | Identified the cursed +0 cloak "Share My Apathy" {Bglg,
                  | Fort} (You found it on level 1 of the Dungeon)
 22676 | Lair:4   | Found a hole to the Spider Nest.
 22977 | Lair:4   | Found a staircase to the Shoals.
 23178 | Lair:4   | Found a sparkling altar of Nemelex Xobeh.
 23196 | Lair:4   | Noticed Urug
 23216 | Lair:4   | Reached skill level 10 in Spellcasting
 23936 | Lair:4   | Killed Urug
 24261 | Lair:5   | Reached ***** piety under Ashenzari
 24270 | Lair:5   | Learned a level 7 spell: Storm Form
 24472 | Lair:5   | Reached skill level 10 in Dodging
 24478 | Lair:5   | Reached XP level 14. HP: 114/114 MP: 30/30
 24872 | Spider:1 | Entered Level 1 of the Spider Nest
 24872 | Spider:1 | Noticed an entropy weaver
 24879 | Spider:1 | Killed an entropy weaver
 25171 | Spider:1 | Reached skill level 10 in Invocations
 25382 | Spider:1 | Identified 3 scrolls of acquirement
 25431 | Spider:1 | Identified the +1 robe of Yniudecu {rElec rPois rN+}
 26890 | Spider:2 | Noticed an entropy weaver
 26894 | Spider:2 | Reached skill level 10 in Fighting
 26896 | Spider:2 | Killed an entropy weaver
 27344 | Spider:2 | Reached XP level 15. HP: 117/122 MP: 24/32
 27348 | Spider:2 | Noticed an emperor scorpion
 27366 | Spider:2 | Killed an emperor scorpion
 27836 | Spider:2 | Noticed Aizul
 27848 | Spider:2 | Killed Aizul
 27867 | Spider:2 | Reached skill level 10 in Short Blades
 27867 | Spider:2 | Reached skill level 10 in Long Blades
 27867 | Spider:2 | Reached skill level 10 in Axes
 27867 | Spider:2 | Reached skill level 10 in Maces & Flails
 27867 | Spider:2 | Reached skill level 10 in Polearms
 27867 | Spider:2 | Reached skill level 10 in Staves
 27867 | Spider:2 | Reached skill level 10 in Slings
 27867 | Spider:2 | Reached skill level 10 in Bows
 27867 | Spider:2 | Reached skill level 10 in Crossbows
 27867 | Spider:2 | Reached skill level 10 in Throwing
 27867 | Spider:2 | Reached skill level 10 in Armour
 27867 | Spider:2 | Reached skill level 10 in Stealth
 27867 | Spider:2 | Reached skill level 10 in Shields
 27867 | Spider:2 | Reached skill level 10 in Evocations
 28279 | Spider:3 | Noticed Asterion
 28287 | Spider:3 | Noticed a ghost moth
 28439 | Spider:3 | Noticed an emperor scorpion
 28463 | Spider:2 | Killed an emperor scorpion
 28722 | Spider:2 | Killed a ghost moth
 29287 | Spider:3 | Killed Asterion
 29770 | Shoals:1 | Entered Level 1 of the Shoals
 30424 | Shoals:1 | Found a runed translucent gate.
 30425 | Shoals:1 | Found a runed translucent gate.
 30426 | Shoals:1 | Found a runed translucent gate.
 30438 | Shoals:1 | Reached XP level 16. HP: 130/131 MP: 10/34
 30442 | Shoals:1 | Noticed busb's ghost (adept OgWn)
 30643 | Shoals:1 | Found Uzioho's CLEARANCE SALE!.
 31123 | Shoals:2 | Noticed Donald
 31133 | Shoals:2 | Killed Donald
 31741 | Shoals:2 | Noticed Polyphemus
 31782 | Shoals:2 | Killed Polyphemus
 31791 | Shoals:2 | Reached skill level 10 in Transmutations
 31800 | Shoals:2 | Noticed a kraken
 32809 | Shoals:2 | Killed a kraken
 32985 | Shoals:3 | Found Ityp Metu's Distillery.
 32999 | Shoals:3 | Bought a potion of heal wounds for 85 gold pieces
 33104 | Shoals:3 | Identified the +1 battleaxe "Cogeits" {drain, rPois rN++
                  | rCorr Dex-4}
 34346 | Shoals:4 | Entered Level 4 of the Shoals
 35834 | Shoals:4 | Reached XP level 17. HP: 124/139 MP: 5/36
 36517 | Shoals:4 | Noticed a sphinx
 36570 | Shoals:4 | Killed a sphinx
 37066 | Shoals:4 | Got a barnacled rune of Zot
 37142 | Shoals:4 | Noticed a sphinx
 37146 | Shoals:4 | Killed a sphinx
 37693 | Spider:4 | Entered Level 4 of the Spider Nest
 37857 | Spider:4 | Noticed Kirke
 38343 | Spider:3 | Identified the cursed ring of Ouranomancy {rCorr, Bglg,
                  | Alch} (You found it on level 2 of the Dungeon)
 38343 | Spider:3 | Identified the cursed ring of Ashenzari's Stars {Int+6,
                  | Cun, Self} (You found it on level 4 of the Dungeon)
 38519 | Spider:3 | Killed Kirke
 38828 | Spider:4 | Reached skill level 10 in Conjurations
 38828 | Spider:4 | Reached skill level 10 in Hexes
 38828 | Spider:4 | Reached skill level 10 in Summonings
 38828 | Spider:4 | Reached skill level 10 in Necromancy
 38828 | Spider:4 | Reached skill level 10 in Translocations
 38828 | Spider:4 | Reached skill level 10 in Fire Magic
 38828 | Spider:4 | Reached skill level 10 in Ice Magic
 38828 | Spider:4 | Reached skill level 10 in Air Magic
 38828 | Spider:4 | Reached skill level 10 in Earth Magic
 38828 | Spider:4 | Reached skill level 10 in Poison Magic
 39968 | Spider:3 | Reached XP level 18. HP: 110/149 MP: 31/37
 40222 | Spider:4 | Got a gossamer rune of Zot
 40759 | D:11     | Upgraded the game from 0.28-a0-906-g0406aca to
                  | 0.28-a0-909-g796cbd3
 40760 | Orc:1    | Entered Level 1 of the Orcish Mines
 40970 | Orc:1    | Found Rykur's Book Shop.
 41109 | Orc:2    | Entered Level 2 of the Orcish Mines
 41178 | Orc:2    | Found a staircase to the Elven Halls.
 41487 | Orc:1    | Identified the cursed +3 leather armour "Oracular Sybil"
                  | {rN+, Elem, Comp} (You took it off a merfolk impaler on
                  | level 2 of the Shoals)
 42047 | Orc:2    | Found Januzo Evvus's Antique Weapon Boutique.
 42047 | Orc:2    | Found Myemykh's General Store.
 42047 | Orc:2    | Found Ciluppae's Jewellery Boutique.
 42056 | Orc:2    | Found Qegoph's Antique Weapon Shop.
 42630 | Lair:6   | Entered Level 6 of the Lair of Beasts
 43307 | Lair:6   | Found a staircase to the Slime Pits.
 43605 | Lair:6   | Identified the +1 quarterstaff "Gram" {venom, rElec rC+
                  | Stlth+}
 44412 | D:12     | Noticed Snorg
 44451 | D:12     | Killed Snorg
 45209 | D:12     | Learned a level 6 spell: Summon Cactus Giant
 45281 | D:13     | Found a flagged portal.
 45299 | Bailey   | Entered a bailey
 46550 | D:14     | Found a gate to the Vaults.
 46672 | D:14     | Reached ****** piety under Ashenzari
 46965 | D:14     | Identified the cursed +0 pair of gloves of Ashenzari's
                  | Stars {Comp, Cun} (You found it on level 14 of the Dungeon)
 47142 | D:14     | Found a basalt altar of Yredelemnul.
 47312 | D:14     | Reached XP level 19. HP: 157/157 MP: 3/39
 47800 | D:15     | Entered Level 15 of the Dungeon
 47800 | D:15     | Found Wuthroef's Book Boutique.
 47813 | D:15     | Noticed Josephine
 47823 | D:15     | Killed Josephine
 47841 | D:15     | Found a staircase to the Depths.
 47847 | D:15     | Found a gate leading to a gauntlet.
 47920 | Gauntlet | Entered a Gauntlet
 47920 | Gauntlet | Found a transporter.
 47920 | Gauntlet | Found a transporter.
 47921 | Gauntlet | Found a transporter.
 47951 | Gauntlet | Found a transporter.
 47952 | Gauntlet | Found a transporter.
 47954 | Gauntlet | Found a transporter.
 47960 | Gauntlet | Found a transporter.
 47961 | Gauntlet | Found a runed translucent door.
 47964 | Gauntlet | Found a transporter.
 47964 | Gauntlet | Found a transporter.
 47965 | Gauntlet | Found a transporter.
 47982 | Gauntlet | Identified the +3 pair of gloves "Vorphank" {Fly Will+
                  | Dex+3}
 47987 | Gauntlet | Found a transporter.
 47987 | Gauntlet | Identified the +0 helmet of Ogubopev {Dex+4}
 47991 | Gauntlet | Found a transporter.
 48222 | Gauntlet | Identified the +1 robe of Plasticity {Regen+ Str+3 Int+3}
 48223 | Gauntlet | Identified the +11 flail "Doybifi" {vorpal, *Rage Str+3
                  | Int+5}
 48223 | Gauntlet | Identified the ring of Weufonor {rElec rC+ Int+6 Dex+2}
 48242 | Gauntlet | Mangled by a minotaur

Illustrated notes

Levels and vault maps discovered:
D:1:      minmay_arrival_jagged, layout_loops_corners,
          dreamdust_ecumenical_altar_angels_and_demons, st_stairs_4
D:2:      layout_rooms, uniq_jessica
D:3:      layout_loops_ring, serial_shops, shop_scrolls
D:4:      layout_basic, hangedman_decor_points
D:5:      minmay_inner_zag, layout_basic, minmay_temple_entry_stoned_glass,
          ebering_ghost_disaster_area, roderic_malta_cross
D:6:      layout_loops_cross, minmay_pentangle, uniq_blork_the_orc
D:7:      layout_loops_corners, roderic_serpentine_path, palyth_stone_intersect
D:8:      layout_loops_ring, david_lair_shrubbed, minmay_evil_grid
D:9:      layout_basic, mainiacjoe_overflow_tiny_flanked, minmay_circle_x
D:10:     layout_small_grid, onia_ninara_dug_in_and_dangerous
D:11:     layout_roguey, orc_0_dummy, serial_shops, nicolae_shop_waterfront,
          billiards_dpeg
D:12:     layout_cross, uniq_snorg
D:13:     layout_basic, enter_bailey_5, kennysheep_generic_room_14
D:14:     layout_gridville, hangedman_vaults_entry_quadrant_bands,
          yredelemnul_altar_generic, serial_bayou_crossing
D:15:     hangedman_depths_entry_civil_slaughter, layout_long_grid,
          serial_shops, shop_statue, zin_angel, gauntlet_entry_generic,
          uniq_josephine
Temple:   dpeg_three_leaves_temple
Lair:1:   layout_regular_city, beast_lair_carwin_4, uniq_grum
Lair:2:   layout_small_grid, gammafunk_ghost_wrathful_warriors
Lair:3:   wad_woods_04, layout_chaotic_city, grunt_megastairs_5
Lair:4:   layout_cave_pods, minmay_shoals_entry_centaurs,
          nicolae_spider_entry_non_spiders, basic_altar, grunt_megastairs_2,
          uniq_urug
Lair:5:   layout_gridlike, grunt_megastairs_1, infiniplex_staircase_pool_2
Lair:6:   due_jungle_book, layout_regular_city,
          minmay_slime_entry_oklob_enclosed, infiniplex_staircase_pool,
          lemuel_fruit_fields
Shoals:1: layout_shoals, gammafunk_ghost_necromancy, nicolae_shop_clearance
Shoals:2: layout_shoals, uniq_donald, uniq_polyphemus
Shoals:3: layout_shoals, serial_shops, shop
Shoals:4: shoals_end_hellmonk_lost_city
Spider:1: layout_spider_delve, nicolae_spider_bug_shape
Spider:2: layout_spider_delve, nicolae_spider_orb_run, uniq_aizul
Spider:3: layout_spider_delve, guppyfry_spider_mini_3, uniq_asterion
Spider:4: grunt_spider_rune_island, hangedman_spider_tarantella_strand,
          uniq_kirke
Orc:1:    layout_caves, serial_shops, nicolae_shop_stone
Orc:2:    st_orc_mages, layout_caves
Gauntlet: minmay_gauntlet_mixed_big_or_small
          [gammafunk_gauntlet_arena_arrow_garden,
          minmay_gauntlet_arena_77_tiled_triplets,
          gammafunk_gauntlet_arena_crates, minmay_gauntlet_arena_77_path,
          gammafunk_gauntlet_arena_chambers, minmay_gauntlet_arena_77_braids,
          gauntlet_exit_hidden_loot]

Skill      XL: |  1  2  3  4  5  6  7  8  9 10 11 12 13 14 15 16 17 18 19 |
---------------+----------------------------------------------------------+-----
Spellcasting   | 5 6 7 8 9 10 11 12 13 | 13.8
Invocations    | 1 2 3 4 5 6 7 8 9 10 11 12 13 14 | 14.0
Short Blades   | 1 2 3 4 5 6 7 8 9 10 11 12 | 12.9
Long Blades    | 1 2 3 4 5 6 7 8 9 10 11 12 | 12.9
Axes           | 1 2 3 4 5 6 7 8 9 10 11 12 | 12.9
Maces & Flails | 1 2 3 4 5 6 7 8 9 10 11 12 | 12.9
Polearms       | 1 2 3 4 5 6 7 8 9 10 11 12 | 12.9
Staves         | 1 2 3 4 5 6 7 8 9 10 11 12 | 12.9
Slings         | 1 2 3 4 5 6 7 8 9 10 11 12 | 12.9
Bows           | 1 2 3 4 5 6 7 8 9 10 11 12 | 12.9
Crossbows      | 1 2 3 4 5 6 7 8 9 10 11 12 | 12.9
Throwing       | 1 2 3 4 5 6 7 8 9 10 11 12 | 12.9
Armour         | 1 2 3 4 5 6 7 8 9 10 11 12 | 12.9
Stealth        | 1 2 3 4 5 6 7 8 9 10 11 12 | 12.9
Shields        | 1 2 3 4 5 6 7 8 9 10 11 12 | 12.9
Evocations     | 1 2 3 4 5 6 7 8 9 10 11 12 | 12.9
Conjurations   | 1 2 3 4 5 6 7 8 9 10 | 10.9
Hexes          | 1 2 3 4 5 6 7 8 9 10 | 10.9
Summonings     | 1 2 3 4 5 6 7 8 9 10 | 10.9
Necromancy     | 1 2 3 4 5 6 7 8 9 10 | 10.9
Translocations | 1 2 3 4 5 6 7 8 9 10 | 10.9
Fire Magic     | 1 2 3 4 5 6 7 8 9 10 | 10.9
Ice Magic      | 1 2 3 4 5 6 7 8 9 10 | 10.9
Air Magic      | 1 2 3 4 5 6 7 8 9 10 | 10.9
Earth Magic    | 1 2 3 4 5 6 7 8 9 10 | 10.9
Poison Magic   | 1 2 3 4 5 6 7 8 9 10 | 10.9
Fighting       | 3 4 5 6 7 8 9 10 11 12 13 | 13.1
Transmutations | 4 5 6 7 8 9 10 11 | 11.6
Dodging        | 5 6 7 8 9 10 11 12 13 | 13.6
Unarmed Combat | 7 8 9 10 11 12 13 14 | 14.3

Action                   |  1- 3 |  4- 6 |  7- 9 | 10-12 | 13-15 | 16-18 | 19-21 || total
-------------------------+-------+-------+-------+-------+-------+-------+-------++-------
Melee: Dagger            |   106 |   147 |   138 |    83 |   525 |   152 |     1 ||  1152
       Unarmed           |     8 |    36 |   127 |   462 |   534 |  1060 |    71 ||  2298
       Kick              |    19 |    12 |     7 |       |       |       |       ||    38
       Headbutt          |    14 |     9 |     3 |       |       |       |       ||    26
       Bite              |     6 |     9 |    12 |     9 |    48 |    20 |       ||   104
       Punch             |     4 |     4 |       |       |     8 |    21 |     3 ||    40
Throw: Stone             |    10 |    11 |     2 |       |       |       |       ||    23
       Javelin           |       |     1 |    13 |       |       |       |       ||    14
       Boomerang         |       |       |    10 |    59 |    23 |    23 |       ||   115
 Cast: Beastly Appendage |    14 |    10 |     3 |       |       |       |       ||    27
       Spider Form       |       |     9 |    12 |     3 |       |       |       ||    24
       Ice Form          |       |       |     8 |    41 |     6 |     2 |       ||    57
       Ozocubu's Armour  |       |       |     5 |    49 |    11 |     4 |       ||    69
       Blink             |       |       |       |     9 |     5 |     2 |       ||    16
       Alistair's Intoxi |       |       |       |     7 |     3 |     1 |       ||    11
       Wereblood         |       |       |       |     5 |    27 |    33 |     2 ||    67
       Manifold Assault  |       |       |       |       |   117 |   178 |     8 ||   303
       Statue Form       |       |       |       |       |    24 |     1 |       ||    25
       Storm Form        |       |       |       |       |    28 |    79 |     3 ||   110
       Summon Cactus Gia |       |       |       |       |       |     3 |       ||     3
Invok: Curse Item        |       |       |     2 |     6 |     2 |     3 |       ||    13
       Shatter the Chain |       |       |       |     2 |       |     1 |       ||     3
 Abil: End Transformatio |       |       |       |     2 |     7 |     5 |       ||    14
       Blinkbolt         |       |       |       |       |    15 |    49 |     1 ||    65
Evoke: Wand              |       |     8 |     5 |    22 |     3 |     3 |       ||    41
       Tin of tremorston |       |       |       |     2 |     2 |     1 |       ||     5
       Phial of floods   |       |       |       |       |     1 |       |       ||     1
  Use: Scroll            |       |       |     2 |     2 |       |     7 |       ||    11
       Potion            |       |       |     1 |     4 |     2 |    17 |       ||    24
 Stab: Sleeping          |     1 |       |     2 |     5 |     3 |    25 |     1 ||    37
       Distracted        |       |       |       |     3 |       |     1 |       ||     4
       Confused          |       |       |       |     1 |       |       |       ||     1
       Held in net/web   |       |       |       |       |     1 |       |       ||     1
Armor: Robe              |    20 |    19 |       |       |       |       |       ||    39
       Leather armour    |       |     6 |    29 |    42 |     7 |    14 |       ||    98
       Skin              |       |       |    40 |   161 |   442 |   214 |     4 ||   861
Dodge: Dodged            |    63 |   126 |   175 |   337 |  1087 |  1036 |    42 ||  2866
Block: Buckler           |       |     1 |    23 |    26 |   151 |    55 |       ||   256
       Other             |       |       |       |       |       |   172 |     5 ||   177
       Reflection        |       |       |       |       |       |    17 |       ||    17

Table legend: (Time is in decaauts)
 A = Elapsed time spent in this place.
 B = Non-inter-level travel time spent in this place.
 C = Inter-level travel time spent in this place.
 D = Time resting spent in this place.
 E = Time spent auto-exploring this place.
 F = Levels seen in this place.
 G = Mean time per level.
                   A        B        C        D        E       F      G
               +--------+--------+--------+--------+--------+-----+--------+
         Total |  48269 |  45373 |   2896 |  10243 |  24257 |  34 | 1419.7 |
       Dungeon |  20901 |  19729 |   1172 |   3394 |  11508 |  15 | 1393.4 |
        Temple |     31 |     24 |      7 |      0 |     17 |   1 |   31.0 |
          Lair |  10358 |   9683 |    675 |   1889 |   5657 |   6 | 1726.3 |
        Shoals |   7637 |   7104 |    533 |   2531 |   2968 |   4 | 1909.2 |
   Spider Nest |   7122 |   6715 |    407 |   2428 |   2979 |   4 | 1780.5 |
  Orcish Mines |   1655 |   1554 |    101 |      0 |   1023 |   2 |  827.5 |
        Bailey |    245 |    245 |      0 |      0 |     74 |   1 |  245.0 |
      Gauntlet |    317 |    317 |      0 |      0 |     29 |   1 |  317.0 |
               +--------+--------+--------+--------+--------+-----+--------+

Top non-repeatable levels by time:
Shoals:3: 2988 daAuts
  Lair:3: 2740 daAuts
  Lair:4: 2639 daAuts
     D:8: 2377 daAuts
Spider:3: 2349 daAuts
Spider:2: 2330 daAuts
    D:10: 2014 daAuts
    D:11: 1959 daAuts
Shoals:2: 1894 daAuts
     D:1: 1814 daAuts
Shoals:4: 1602 daAuts
     D:5: 1599 daAuts
     D:7: 1568 daAuts
  Lair:2: 1542 daAuts
    D:14: 1483 daAuts
